[Event "Early-Titled-Tuesday-Blitz-February-13-2024"]
[Site "Chess.com"]
[Date "2024.02.13"]
[Round "2"]
[White "Freeeeeeeeeeeeeeeeee"]
[Black "GrumbleBruno"]
[Result "0-1"]
[WhiteElo "2125"]
[BlackElo "2466"]
[TimeControl "180+1"]
[EndTime "8:18:29 PST"]
[Termination "GrumbleBruno won on time"]

1. e4 e5 2. Nc3 Bb4 3. Nd5 Bc5 4.
Nf3 c6 5. Nc3 d6 6. Na4 Bb6 7.
Nxb6 axb6 8. Bc4 Nf6 9. d3 O-O 10. O-O b5 11. Bb3 Be6 12. Bg5 Nbd7 13. Qe2 Nc5 14.
Bxe6 Nxe6 15. Be3 b4 16. Nd2 c5 17. Nb3 Qc7 18. f4 exf4 19. Bxf4 Rae8 20. Bg3 Nd7 21. Qg4 Ne5 22. Bxe5 dxe5 23. Rf5 b5 24.
Raf1 c4 25. Nd2 Nd4 26. Rg5 f6 27. Rh5 Qf7 28. c3 bxc3 29. bxc3 Ne6 30. dxc4 bxc4 31. Rhf5 Qa7+ 32. Kh1 Qxa2 33. Rxf6 Rxf6 34. Rxf6 Qxd2 35. h4 Qd7 36. h5 Rf8 37. Rxe6 Rf6 0-1

[Event "Early-Titled-Tuesday-Blitz-February-13-2024"]
[Site "Chess.com"]
[Date "2024.02.13"]
[Round "2"]
[White "GameOverBro"]
[Black "NovakRatko"]
[Result "1-0"]
[WhiteElo "2554"]
[BlackElo "2345"]
[TimeControl "180+1"]
[EndTime "8:18:30 PST"]
[Termination "GameOverBro won on time"]

1. e4 d5 2. exd5 c6 3. dxc6 Nxc6 4. Bc4 e5 5. d3 Bc5 6. Be3 Bxe3 7. fxe3 Qb6 8. Qd2 Qxb2 9. Qc3 Qb6 10. Ke2 Nf6 11. Nd2 Bg4+ 12. Ngf3 e4 13. dxe4 O-O 14. h3 Bh5 15.
Qb3 Qc7 16. g4 Bg6 17. Bd3 Rfe8 18. Qc4 a6 19. a4 Rac8 20. a5 Nxa5 21. Qxc7 Rxc7 22.
Rxa5 Nxe4 23. Nxe4 Bxe4 24. Rb1 Bc6 25. Nd4 Bd5 26.
Rxd5 1-0

[Event "Early-Titled-Tuesday-Blitz-February-13-2024"]
[Site "Chess.com"]
[Date "2024.02.13"]
[Round "2"]
[White "Flaccidmoves"]
[Black "Helenita13"]
[Result "1-0"]
[WhiteElo "2441"]
[BlackElo "1949"]
[TimeControl "180+1"]
[EndTime "8:18:30 PST"]
[Termination "Flaccidmoves won by resignation"]

1. c4 Nf6 2. Nc3 e6 3. e4 d5 4. e5 d4 5. exf6 dxc3 6. bxc3 gxf6 7. d4 b6 8. Qf3 c6 9. Bd3 Bb7 10. Ne2 Be7 11. Bh6 Nd7 12. Nf4 Qc7 13. Nxe6 fxe6 14. Qh5+ Kd8 15. Bg7 Rg8 16. Qxh7 Rxg7 17. Qxg7 Qf4 18.
O-O Bd6 19. Qh7 Kc7 20. Rae1 Rg8 21. g3 Qg4 22. Re4 Rg7 23. Rxg4 Rxh7 24. Bxh7 f5 25. Rg7 a6 26. Re1 1-0

[Event "Early-Titled-Tuesday-Blitz-February-13-2024"]
[Site "Chess.com"]
[Date "2024.02.13"]
[Round "2"]
[White "ilya2700"]
[Black "Payyappat"]
[Result "0-1"]
[WhiteElo "2345"]
[BlackElo "2554"]
[TimeControl "180+1"]
[EndTime "8:18:34 PST"]
[Termination "Payyappat won on time"]

1. e4 c6 2. d4 d5 3. exd5 cxd5 4.
Bd3 Nc6 5. c3 Qc7 6. h3 g6 7.
Nf3 Bf5 8. Bg5 e6 9. O-O Bd6 10.
Re1 h6 11. Be3 O-O-O 12. b4 Nf6 13. a4 g5 14. a5 g4 15. hxg4 Nxg4 16. b5 Nxa5 17.
Bxf5 exf5 18. Nbd2 f4 19. Qa4 b6 20. c4 fxe3 21.
fxe3 Bh2+ 22. Kf1 Rhe8 23. c5 Qg3 0-1

[Event "Early-Titled-Tuesday-Blitz-February-13-2024"]
[Site "Chess.com"]
[Date "2024.02.13"]
[Round "2"]
[White "Vaathi_Coming"]
[Black "AsaHoffmann"]
[Result "1-0"]
[WhiteElo "2904"]
[BlackElo "2427"]
[TimeControl "180+1"]
[EndTime "8:18:35 PST"]
[Termination "Vaathi_Coming won by resignation"]

1. b3 d6 2. Bb2 e5 3. c4 Nf6 4. Nc3 Be7 5. g3 c6 6. Bg2 Be6 7. d4 Nbd7 8. Nf3 h6 9. Qc2 O-O 10. Rd1 Qc7 11. h3 exd4 12. Nxd4 a5 13. O-O Nc5 14. e4 Rfe8 15. f4 Rad8 16. g4 Bc8 17. Nce2 Bf8 18. Ng3 Nh7 19. Ndf5 Bxf5 20. Nxf5 g6 21. Qc3 f6 22. Ng3 Bg7 23. Qc2 Nf8 24.
Bc3 b6 25. Qb2 Qf7 26. e5 dxe5 27. Rxd8 Rxd8 28. fxe5 Nh7 29. exf6 Nxf6 30. Bxf6 Bxf6 31. Qxf6 Qxf6 32. Rxf6 1-0

[Event "Early-Titled-Tuesday-Blitz-February-13-2024"]
[Site "Chess.com"]
[Date "2024.02.13"]
[Round "2"]
[White "Atousa"]
[Black "LaPiToB"]
[Result "0-1"]
[WhiteElo "2520"]
[BlackElo "2316"]
[TimeControl "180+1"]
[EndTime "8:18:35 PST"]
[Termination "LaPiToB won by resignation"]

1. Nf3 Nf6 2. g3 e6 3. Bg2 d5 4.
O-O c5 5. b3 Nc6 6. Bb2 Be7 7.
d3 O-O 8. Nbd2 b6 9. e4 Bb7 10. Re1 dxe4 11. dxe4 Qc7 12. Qe2 Rfd8 13. Rad1 Nd4 14.
Nxd4 cxd4 15. Nb1 e5 16. c3 dxc3 17. Nxc3 Rac8 18. Nb5 Qb8 19. h3 Bb4 20. Rf1 a6 21. Rxd8+ Rxd8 22. Nc3 Qa8 23. Rd1 Rxd1+ 24. Qxd1 h6 25. Nd5 Nxd5 26. exd5 Bd6 27. f4 exf4 28. gxf4 Qe8 29. Qd4 Bc5 0-1

[Event "Early-Titled-Tuesday-Blitz-February-13-2024"]
[Site "Chess.com"]
[Date "2024.02.13"]
[Round "2"]
[White "cyrdap"]
[Black "Happy1712Drummer"]
[Result "1-0"]
[WhiteElo "2643"]
[BlackElo "2390"]
[TimeControl "180+1"]
[EndTime "8:18:37 PST"]
[Termination "cyrdap won on time"]

1. d4 d5 2. Nf3 e6 3. c4 a6 4. Nc3 dxc4 5. a4 Nc6 6. e3 Na5 7. Be2 Nf6 8. O-O c5 9. Ne5 cxd4 10. exd4 Bd6 11. Nxc4 Nxc4 12. Bxc4 O-O 13. Bg5 h6 14. Be3 Bxh2+ 15. Kh1 Bc7 16. Bd3 Qd6 17. g3 b6 18.
Kg1 Bb7 19. Rc1 Rfd8 20. Bf4 Qc6 21. Ne4 Qd5 22. Rxc7 Nxe4 23. Rxb7 Qxb7 24. Qg4 Nf6 25. Qe2 Rxd4 26. Be5 Qd5 27. Rd1 Nd7 28. Bxd4 1-0

[Event "Early-Titled-Tuesday-Blitz-February-13-2024"]
[Site "Chess.com"]
[Date "2024.02.13"]
[Round "2"]
[White "Thunderbolt135"]
[Black "FGHSMN"]
[Result "0-1"]
[WhiteElo "2651"]
[BlackElo "2991"]
[TimeControl "180+1"]
[EndTime "8:18:40 PST"]
[Termination "FGHSMN won by checkmate"]

1. Nf3 Nf6 2. d4 b6 3. Bg5 Ne4 4. Bf4 Bb7 5. Nbd2 e6 6. e3 Be7 7. Nxe4 Bxe4 8. Bd3 Bxd3 9. Qxd3 d5 10. O-O O-O 11. c4 Bd6 12. Bxd6 Qxd6 13. Rac1 c6 14. Rc2 Nd7 15. cxd5 exd5 16. Rfc1 Rfc8 17. Qf5 Rc7 18. b4 g6 19. Qh3 Qxb4 20. Ng5 Nf8 21. Qh6 Rac8 22.
h4 Qe7 23. h5 f6 24. Nf3 g5 25. Nd2 Ne6 26. Nf1 Nd8 27. Ng3 Nf7 28. Nf5 Nxh6 29.
Nxe7+ Rxe7 30. Rxc6 Rxc6 31. Rxc6 Ng4 32. Rd6 Rc7 33. f3 Rc1# 0-1

[Event "Early-Titled-Tuesday-Blitz-February-13-2024"]
[Site "Chess.com"]
[Date "2024.02.13"]
[Round "2"]
[White "Kostya0705"]
[Black "Chesstiger64"]
[Result "1/2-1/2"]
[WhiteElo "2603"]
[BlackElo "2304"]
[TimeControl "180+1"]
[EndTime "8:18:40 PST"]
[Termination "Game drawn by agreement"]

1. e4 e6 2. d4 d5 3. Nc3 Bb4 4. e5 c5 5. a3 Bxc3+ 6. bxc3 Ne7 7. Qg4 Qc7 8. Qxg7 Rg8 9. Qxh7 cxd4 10. Ne2 Nbc6 11.
f4 dxc3 12. h4 Bd7 13. h5 O-O-O 14. Qd3 d4 15. h6 Nf5 16. g3 Nce7 17. h7 Rh8 18. g4 Bc6 19. Rh2 Ne3 20. Bxe3 dxe3 21. Qxe3 Nd5 22. Qg3 Ba4 23. Kf2 Qb6+ 24. Kg2 Ne3+ 25.
Kg1 Nxg4+ 26. Kh1 Bc6+ 27. Bg2 Nf2+ 28. Kg1 Ng4+ 29. Kh1 Nxh2 30. Qxh2 Bxg2+ 31. Kxg2 Rd2 32. Kf1 Qe3 33. Re1 1/2-1/2

[Event "Early-Titled-Tuesday-Blitz-February-13-2024"]
[Site "Chess.com"]
[Date "2024.02.13"]
[Round "2"]
[White "NelsonLinda"]
[Black "Sofia_Blokhin"]
[Result "1-0"]
[WhiteElo "2566"]
[BlackElo "2237"]
[TimeControl "180+1"]
[EndTime "8:18:40 PST"]
[Termination "NelsonLinda won by resignation"]

1. b3 d5 2. Bb2 e6 3. e3 f5 4. f4 Nf6 5. Nf3 Be7 6. Be2 O-O 7. O-O b6 8. c4 Bb7 9. Nc3 Nbd7 10. Kh1 Nc5 11.
Nb5 a6 12. Nbd4 Qd7 13. Ne5 Qd6 14. Rc1 Rfe8 15. Ba3 dxc4 16. Bxc4 Nd5 17. Bxc5 bxc5 18. Ndf3 Rad8 19. a3 Qb6 20. Qc2 Nf6 21. Qxf5 Bf8 22. Qc2 Ne4 23. Bd3 Nf6 24. Ng5 h6 25. Bh7+ 1-0

[Event "Early-Titled-Tuesday-Blitz-February-13-2024"]
[Site "Chess.com"]
[Date "2024.02.13"]
[Round "2"]
[White "Fumitoks"]
[Black "mishanick"]
[Result "0-1"]
[WhiteElo "2648"]
[BlackElo "2977"]
[TimeControl "180+1"]
[EndTime "8:18:42 PST"]
[Termination "mishanick won on time"]

1. e4 c5 2. Nf3 d6 3. c3 Nf6 4.
Qe2 Nc6 5. g3 e5 6. Bg2 Be7 7.
O-O O-O 8. h3 Re8 9. Rd1 Bf8 10.
Na3 d5 11. exd5 Nxd5 12. d3 h6 13. Qf1 Bf5 14. Nc4 Qd7 15. Ne3 Be6 16. Nxd5 Bxd5 17. Be3 b6 18. Ne1 Rad8 19. Bxd5 Qxd5 20. Qg2 Ne7 21. d4 exd4 22. cxd4 Qxg2+ 23. Nxg2 c4 24. Rdc1 Rc8 25. a4 Nd5 26. Kf1 Bd6 27. Rc2 a6 28. Rac1 b5 29. axb5 axb5 30. Ra1 Ra8 31. Rcc1 g5 32. Bd2 Nf6 33. Ne3 Ne4 34. Ke2 Rad8 35.
Be1 Bf8 36. Ra5 Nd6 37. Kf1 Bg7 0-1

[Event "Early-Titled-Tuesday-Blitz-February-13-2024"]
[Site "Chess.com"]
[Date "2024.02.13"]
[Round "2"]
[White "manitodeplomo"]
[Black "Balla_Tamas"]
[Result "1-0"]
[WhiteElo "2678"]
[BlackElo "2400"]
[TimeControl "180+1"]
[EndTime "8:18:43 PST"]
[Termination "manitodeplomo won by resignation"]

1. d4 d5 2. c4 e6 3. Nf3 c5 4.
g3 Nf6 5. Bg2 Nc6 6. O-O Be7 7.
dxc5 Bxc5 8. a3 O-O 9. b4 Be7 10. Bb2 dxc4 11. Nbd2 a6 12. Nxc4 b5 13. Nfe5 Nxe5 14.
Nxe5 Nd5 15. Nc6 Qd7 16. Bxd5 exd5 17. Qxd5 Bd6 18. Rfd1 Bb7 19. Rac1 Rfd8 20. Qd4 f6 21. Nxd8 Rxd8 22. Rc3 Qh3 23. f3 Be7 24. Qxd8+ Bxd8 25. Rxd8+ Kf7 26. Rc7+ Kg6 27. Rxb7 h5 28. Rdd7 Qe6 29. Kf2 h4 30. g4 Kg5 31. Bc1+ 1-0

[Event "Early-Titled-Tuesday-Blitz-February-13-2024"]
[Site "Chess.com"]
[Date "2024.02.13"]
[Round "2"]
[White "kereswasbest"]
[Black "HajiyevKanan"]
[Result "0-1"]
[WhiteElo "2231"]
[BlackElo "2503"]
[TimeControl "180+1"]
[EndTime "8:18:45 PST"]
[Termination "HajiyevKanan won on time"]

1. d4 d5 2. c4 c6 3. cxd5 cxd5 4. Nc3 Nf6 5. Bf4 a6 6. e3 Nc6 7.
Bd3 Bg4 8. Nf3 e6 9. Qb3 Na5 10. Qa4+ Nc6 11. Ne5 Qb6 12. O-O Be7 13. Nxg4 Nxg4 14.
f3 Nf6 15. Nb5 O-O 16. Nc3 Qxb2 17. Rfc1 Qa3 18. Qd1 Rfc8 19. Na4 Nb4 20. Bf1 Nh5 21. Nb6 Rxc1 22. Rxc1 Re8 23. Be5 Qxe3+ 24. Kh1 Nc6 25. Bc7 Qxd4 26. Nd7 Qxd1 27. Rxd1 Rc8 28. Bb6 Nf6 29. Nc5 Bxc5 30. Bxc5 h6 31. Bb6 Nb4 32.
a3 Rc6 33. Bd4 Nc2 0-1

[Event "Early-Titled-Tuesday-Blitz-February-13-2024"]
[Site "Chess.com"]
[Date "2024.02.13"]
[Round "2"]
[White "LeoWin2012"]
[Black "szachmistrz2500"]
[Result "1/2-1/2"]
[WhiteElo "2229"]
[BlackElo "2491"]
[TimeControl "180+1"]
[EndTime "8:18:45 PST"]
[Termination "Game drawn by repetition"]

1. e4 c5 2. Nf3 Nc6 3. g3 g6 4. Bg2 Bg7 5. O-O e5 6. d3 Nge7 7. Be3 d6 8. Nc3 O-O 9. h3 f5 10.
exf5 Nxf5 11. Bg5 Qd7 12. Qd2 h6 13. Be3 b6 14. Nd5 Bb7 15. g4 Nxe3 16. Qxe3 Nd4 17.
Nxd4 cxd4 18. Qe4 g5 19. Ne7+ Qxe7 20. Qxb7 Qxb7 21. Bxb7 Rab8 22. Bd5+ Kh8 23. b4 Rbc8 24. Rfc1 Rc3 25. Kg2 Rfc8 26. Bb3 d5 27. Bxd5 Rxc2 28. Rxc2 Rxc2 29. a4 Rc3 30. b5 Rxd3 31. a5 Bf8 32. axb6 axb6 33. Ra8 Kg7 34. Ra7+ Kh8 35. Ra8 Kg7 36.
Ra7+ Kh8 37. Ra8 1/2-1/2

[Event "Early-Titled-Tuesday-Blitz-February-13-2024"]
[Site "Chess.com"]
[Date "2024.02.13"]
[Round "2"]
[White "MasterofMasters2006"]
[Black "JonasEilenberg"]
[Result "1-0"]
[WhiteElo "2279"]
[BlackElo "2585"]
[TimeControl "180+1"]
[EndTime "8:18:47 PST"]
[Termination "MasterofMasters2006 won by checkmate"]

1. d4 d5 2. c4 e6 3. Nc3 c6 4. Nf3 dxc4 5. Bg5 f6 6. Bd2 b5 7.
a4 b4 8. Na2 a5 9. e4 Ba6 10.
Rc1 c5 11. Bxc4 cxd4 12. Bxe6 Ra7 13. Qb3 Qe7 14. Nxd4 Nh6 15. Bxh6 gxh6 16. Nf5 Qd8 17. Bc4 Bxc4 18. Qxc4 Be7 19. O-O Nd7 20. Ng7+ Kf8 21.
Ne6+ Ke8 22. Nxd8 Bxd8 23. Qe6+ Be7 24. Rfd1 Nf8 25. Rc8# 1-0

[Event "Early-Titled-Tuesday-Blitz-February-13-2024"]
[Site "Chess.com"]
[Date "2024.02.13"]
[Round "2"]
[White "Andrey_Klymchuk"]
[Black "Thormento16"]
[Result "1-0"]
[WhiteElo "2755"]
[BlackElo "2459"]
[TimeControl "180+1"]
[EndTime "8:18:49 PST"]
[Termination "Andrey_Klymchuk won by resignation"]

1. e4 c6 2. d4 d5 3. e5 c5 4. dxc5 e6 5. Qg4 h5 6. Qg3 Nc6 7. Nf3 h4 8. Qg4 Nh6 9. Bxh6 Rxh6 10. Bd3 f5 11. exf6 Qxf6 12. Nc3 Bxc5 13. O-O-O Bd7 14.
Na4 Bd6 15. c4 O-O-O 16. Kb1 Nb4 17. c5 Bxa4 18. Qxb4 Bxd1 19. cxd6 Bxf3 20. Rc1+ Kb8 21. Rc7 d4 22. Ba6 Be4+ 23. Ka1 b6 24. Qc4 Rhh8 25. Rb7+ Ka8 26. Qc7 1-0

[Event "Early-Titled-Tuesday-Blitz-February-13-2024"]
[Site "Chess.com"]
[Date "2024.02.13"]
[Round "2"]
[White "giomar27"]
[Black "martinmena"]
[Result "1-0"]
[WhiteElo "2465"]
[BlackElo "2123"]
[TimeControl "180+1"]
[EndTime "8:18:49 PST"]
[Termination "giomar27 won on time"]

1. Nc3 d5 2. d4 Nf6 3. Bf4 c6 4. f3 e6 5. e4 Bb4 6. Qd3 dxe4 7. fxe4 O-O 8. Nf3 c5 9. a3 cxd4 10. axb4 dxc3 11. bxc3 Nc6 12. Bd6 Re8 13. b5 Ne7 14. e5 Nfd5 15. c4 Nf4 16. Qe4 Nfg6 17. Bd3 Nf5 18. Bb4 a5 19. Bd2 Qb6 20. g4 Nfe7 21.
Be3 Qc7 22. h4 Rb8 23. h5 Nf8 24. O-O b6 25. Ng5 Bb7 26. Qf4 f6 27. exf6 e5 28. f7+ Kh8 29. fxe8=Q 1-0

[Event "Early-Titled-Tuesday-Blitz-February-13-2024"]
[Site "Chess.com"]
[Date "2024.02.13"]
[Round "2"]
[White "Polish_fighter3000"]
[Black "wannabe2700"]
[Result "1-0"]
[WhiteElo "3057"]
[BlackElo "2678"]
[TimeControl "180+1"]
[EndTime "8:18:51 PST"]
[Termination "Polish_fighter3000 won on time"]

1. e4 c5 2. Nf3 e6 3. d4 cxd4 4. Nxd4 Nf6 5. Nc3 Nc6 6. Be2 Bb4 7. O-O Bxc3 8. bxc3 Nxe4 9. Nxc6 bxc6 10. Qd4 Nf6 11.
Ba3 Rg8 12. c4 d5 13. Rab1 Ba6 14. Qc5 Qc7 15. Rfe1 Ne4 16. Qe3 Qa5 17. Bf3 f5 18. Bb4 Qxa2 19. Qf4 Qxc4 20. Qc7 c5 21. Rxe4 fxe4 22.
Bxc5 Qxc5 23. Qxc5 Kf7 24. Qc7+ Kg6 25. Qg3+ Kf6 26.
Qf4+ Kg6 27. Qe5 Rge8 28. Bh5+ Kh6 29. Bxe8 Rxe8 30. h4 1-0

[Event "Early-Titled-Tuesday-Blitz-February-13-2024"]
[Site "Chess.com"]
[Date "2024.02.13"]
[Round "2"]
[White "GM4life"]
[Black "GMthekingindian"]
[Result "1-0"]
[WhiteElo "2552"]
[BlackElo "2344"]
[TimeControl "180+1"]
[EndTime "8:18:51 PST"]
[Termination "GM4life won on time"]

1. d4 d5 2. Nf3 c6 3. Bf4 Bf5 4. e3 e6 5. c4 Nd7 6. Nc3 Ngf6 7.
Qb3 Qb6 8. c5 Qxb3 9. axb3 a6 10. b4 Be7 11. h3 Ne4 12. Nxe4 Bxe4 13. Nd2 Bg6 14. Nb3 f6 15. Bh2 e5 16. b5 Bc2 17.
Nd2 O-O 18. bxc6 bxc6 19. Be2 Rfb8 20. O-O a5 21. Ra2 a4 22. Rc1 Bb3 23. Ra3 Bd8 24. Nxb3 axb3 25. Rca1 Rxa3 26. Rxa3 Bc7 27. Ra7 Rc8 28. Bg4 1-0

[Event "Early-Titled-Tuesday-Blitz-February-13-2024"]
[Site "Chess.com"]
[Date "2024.02.13"]
[Round "2"]
[White "pirulillo"]
[Black "TitarovVasiliYouTube"]
[Result "1-0"]
[WhiteElo "2304"]
[BlackElo "2513"]
[TimeControl "180+1"]
[EndTime "8:18:53 PST"]
[Termination "pirulillo won by resignation"]

1. e4 Nf6 2. e5 Nd5 3. d4 d6 4. c4 Nb6 5. exd6 exd6 6. Nc3 Be7 7.
Qf3 O-O 8. Be3 Nc6 9. O-O-O Bf6 10. h4 Re8 11. g4 Be7 12. Bd3 Nb4 13. Bf1 d5 14. c5 Nc4 15. Bxc4 dxc4 16. a3 Nc6 17.
Kb1 Na5 18. Nge2 c6 19. g5 Qd7 20. Ng3 Qg4 21. Qg2 Bf5+ 22. Ka2 Bc2 23. Rde1 b6 24. f3 Bb3+ 25. Ka1 Qd7 26. h5 bxc5 27. dxc5 Bf8 28. g6 fxg6 29. hxg6 hxg6 30. Nge4 Qf5 31. Ng5 Rxe3 32.
Rh8+ Kxh8 33. Qh2+ Qh3 34. Qxh3+ 1-0

[Event "Early-Titled-Tuesday-Blitz-February-13-2024"]
[Site "Chess.com"]
[Date "2024.02.13"]
[Round "2"]
[White "Elprofessor21"]
[Black "TRadjabov"]
[Result "0-1"]
[WhiteElo "2670"]
[BlackElo "3031"]
[TimeControl "180+1"]
[EndTime "8:18:55 PST"]
[Termination "TRadjabov won by resignation"]

1. e4 c5 2. Nf3 Nc6 3. Bb5 h6 4. O-O Qb6 5. Nc3 e6 6. Re1 Nd4 7. Bf1 Ne7 8. d3 d6 9. a4 Bd7 10. a5 Qc7 11. Be3 e5 12. Nd2 g6 13. Nc4 Bg7 14.
Qd2 g5 15. Reb1 O-O 16. b4 cxb4 17. Rxb4 Bc6 18. h4 gxh4 19. Bxh6 Ng6 20. Bxg7 Kxg7 21. Ne3 Rh8 22. Rxd4 exd4 23. Nf5+ Kg8 24. Nxd4 Qe7 25. Nf5 Qf6 26. Re1 Re8 27. d4 h3 28. gxh3 Rh5 29. d5 Bd7 30. f4 Bxf5 31. exf5 Rxe1 32. Qxe1 Nxf4 33. Ne4 Qe5 34. Qg3+ Kf8 35. Ng5 Ne2+ 0-1

[Event "Early-Titled-Tuesday-Blitz-February-13-2024"]
[Site "Chess.com"]
[Date "2024.02.13"]
[Round "2"]
[White "Yan_Dyomin2010"]
[Black "RobertoJBM"]
[Result "1-0"]
[WhiteElo "2589"]
[BlackElo "2798"]
[TimeControl "180+1"]
[EndTime "8:18:55 PST"]
[Termination "Yan_Dyomin2010 won on time"]

1. e4 c6 2. d4 d5 3. e5 Bf5 4. Nf3 e6 5. Be2 Nd7 6. O-O Bg6 7. Nbd2 Nh6 8. Re1 Nf5 9. Nf1 Be7 10. Bd3 O-O 11. Ng3 Nxg3 12. Bxg6 fxg6 13. hxg3 h6 14. c3 Qe8 15. Be3 g5 16. Qd3 Qh5 17. a4 Rf7 18. b4 Nb6 19. Nd2 g4 20. a5 Nd7 21. b5 c5 22. c4 Qf5 23. Qxf5 Rxf5 24. Rac1 b6 25. Nb3 Rc8 26. cxd5 exd5 27. dxc5 Nxc5 28. Nd4 Rxe5 29.
Nc6 Re4 30. Nxa7 Rc7 31. axb6 Rb7 32. Red1 d4 33. Bxd4 Ne6 34. Rc8+ Kf7 35. Be3 Bg5 36. Bxg5 hxg5 37. Rc6 Ke7 38. Nc8+ Kf8 39. Nd6 Rd7 40. b7 Rxd6 41. Rcxd6 1-0

[Event "Early-Titled-Tuesday-Blitz-February-13-2024"]
[Site "Chess.com"]
[Date "2024.02.13"]
[Round "2"]
[White "ansko1999"]
[Black "Bigfish1995"]
[Result "0-1"]
[WhiteElo "2690"]
[BlackElo "3173"]
[TimeControl "180+1"]
[EndTime "8:18:56 PST"]
[Termination "Bigfish1995 won by resignation"]

1. e4 c6 2. d4 d5 3. Nd2 a6 4.
Ngf3 Bg4 5. Bd3 e6 6. h3 Bh5 7. c3 Nd7 8. e5 c5 9. O-O cxd4 10.
cxd4 Ne7 11. Nb3 Nc6 12. Be3 Be7 13. Rc1 O-O 14. Be2 Rc8 15. Qd2 Qb6 16. Nc5 Bxc5 17. dxc5 Qc7 18. g4 Bg6 19. Bf4 Be4 20. Ng5 Ndxe5 21. Nxe4 dxe4 22. Qc3 Nf3+ 23. Bxf3 Qxf4 24. Bg2 f5 25. gxf5 exf5 26. b4 Rf6 27. a4 Rg6 28. Qe3 Qf3 0-1

[Event "Early-Titled-Tuesday-Blitz-February-13-2024"]
[Site "Chess.com"]
[Date "2024.02.13"]
[Round "2"]
[White "arctic_t00"]
[Black "yuriydovzik"]
[Result "1-0"]
[WhiteElo "2705"]
[BlackElo "2115"]
[TimeControl "180+1"]
[EndTime "8:18:56 PST"]
[Termination "arctic_t00 won by resignation"]

1. d4 Nf6 2. Nf3 e6 3. e3 c5 4. Bd3 Nc6 5. O-O d5 6. b3 cxd4 7. exd4 Be7 8. Bb2 O-O 9. a3 b6 10. Nbd2 a5 11. Qe2 Bb7 12. Rfe1 Qc7 13. Ne5 Nxe5 14.
dxe5 Nd7 15. Qh5 g6 16. Qh6 Rfc8 17. Re3 Bf8 18. Qh4 Qd8 19. Qf4 Bg7 20. Nf3 Qf8 21.
h4 Nc5 22. Ng5 Nxd3 23. cxd3 Rc2 24. Bd4 Rac8 25. Rf3 Rc1+ 26. Rxc1 Rxc1+ 27. Qxc1 h6 28. Nxe6 1-0

[Event "Early-Titled-Tuesday-Blitz-February-13-2024"]
[Site "Chess.com"]
[Date "2024.02.13"]
[Round "2"]
[White "Evgeny81"]
[Black "Gryffindorac8"]
[Result "1-0"]
[WhiteElo "2709"]
[BlackElo "2394"]
[TimeControl "180+1"]
[EndTime "8:18:56 PST"]
[Termination "Evgeny81 won by resignation"]

1. e4 c5 2. Nf3 d6 3. d4 cxd4 4. Qxd4 Nc6 5. Bb5 Bd7 6. Bxc6 Bxc6 7. c4 Nf6 8. Nc3 g6 9. O-O Bg7 10. h3 O-O 11. Qd3 Rc8 12. Be3 a6 13. Rac1 Nd7 14. b3 Qa5 15. Bd4 b5 16. Bxg7 Kxg7 17. cxb5 axb5 18. Nd4 Ne5 19. Qg3 b4 20. Nf5+ Kh8 21.
Nxe7 bxc3 22. Nxc8 Rxc8 23. Qxc3 Qxc3 24. Rxc3 Ra8 25.
f4 Bb5 26. Rd1 Nd3 27. a4 Ba6 28. Rcxd3 Bxd3 29. Rxd3 Rb8 30. Kf2 Kg7 31. Ke3 Kf8 32.
Kd2 Ke7 33. Kc3 Ke6 34. b4 f5 35. exf5+ gxf5 36. b5 d5 37. Kb4 Kd6 38. a5 Rc8 39. b6 Rc4+ 40. Kb5 Rc1 41. Rb3 Rc5+ 42. Ka6 Rc8 43. b7 1-0

[Event "Early-Titled-Tuesday-Blitz-February-13-2024"]
[Site "Chess.com"]
[Date "2024.02.13"]
[Round "2"]
[White "toninhojit"]
[Black "Ducke13"]
[Result "1-0"]
[WhiteElo "2543"]
[BlackElo "2325"]
[TimeControl "180+1"]
[EndTime "8:18:56 PST"]
[Termination "toninhojit won by checkmate"]

1. d4 Nf6 2. c4 g6 3. Nc3 d5 4. cxd5 Nxd5 5. e4 Nxc3 6. bxc3 Bg7 7. Nf3 c5 8. Be2 Nc6 9. Be3 Qa5 10. O-O cxd4 11.
cxd4 Bg4 12. d5 Bxf3 13. gxf3 Ne5 14. Rb1 O-O 15. Rxb7 Qxa2 16. Rxe7 a5 17. f4 Nc4 18. e5 Nxe3 19. fxe3 Qa3 20. d6 Qxe3+ 21. Kh1 Bh6 22. Qd3 Bxf4 23. Qxe3 Bxe3 24. Bc4 Bd4 25. Rfxf7 Rxf7 26.
Rxf7 Kh8 27. e6 Bc5 28. d7 a4 29. e7 Bxe7 30. Rxe7 Rf8 31. Re8 Kg7 32. Rxf8 Kxf8 33. d8=Q+ Kg7 34. Qa5 Kh6 35. Qxa4 Kg5 36. Bf7 Kh6 37.
Qc6 Kg7 38. Bxg6 hxg6 39. Kg2 Kh8 40. Kg3 Kh7 41. Kg4 Kh8 42. Kg5 Kh7 43. Qc7+ Kg8 44. Kxg6 Kf8 45. Qf7# 1-0

[Event "Early-Titled-Tuesday-Blitz-February-13-2024"]
[Site "Chess.com"]
[Date "2024.02.13"]
[Round "2"]
[White "Ready4abattle"]
[Black "SergioMoralesG"]
[Result "0-1"]
[WhiteElo "2245"]
[BlackElo "2509"]
[TimeControl "180+1"]
[EndTime "8:18:57 PST"]
[Termination "SergioMoralesG won by resignation"]

1. e4 c5 2. Nf3 e6 3. d4 cxd4 4. Nxd4 Nc6 5. Nc3 Qc7 6. f4 a6 7.
Be3 b5 8. Qd2 Bb7 9. Bd3 d6 10.
O-O-O Nf6 11. a3 Rc8 12. Kb1 b4 13. axb4 Nxb4 14. h3 e5 15. Nb3 Be7 16. g4 exf4 17. Bxf4 O-O 18. Rhe1 Nd7 19. Nd5 Bxd5 20. exd5 Nxd3 21.
Qxd3 Bf6 22. Rd2 a5 23. Nd4 Rb8 24. Nb5 Rxb5 25. Qxb5 Rb8 26. Qc6 Rxb2+ 27. Kc1 Qb8 28. Rd3 Rb1+ 29. Kd2 Qb4+ 30. c3 Qb2+ 31. Ke3 Rxe1+ 32.
Kf3 Qe2+ 0-1

[Event "Early-Titled-Tuesday-Blitz-February-13-2024"]
[Site "Chess.com"]
[Date "2024.02.13"]
[Round "2"]
[White "Fighterman91"]
[Black "Herzog2012"]
[Result "1-0"]
[WhiteElo "2772"]
[BlackElo "2526"]
[TimeControl "180+1"]
[EndTime "8:18:58 PST"]
[Termination "Fighterman91 won on time"]

1. e4 c5 2. Nf3 d6 3. Bc4 Nc6 4. d3 Nf6 5. O-O Bg4 6. h3 Bxf3 7. Qxf3 g6 8. c3 Bg7 9. Bb3 O-O 10. Nd2 b5 11.
Rd1 Qc7 12. Nf1 c4 13. dxc4 bxc4 14. Bc2 Nd7 15. Qe2 Nb6 16. Bg5 e6 17. Ne3 Na5 18.
Rd2 Qc5 19. Be7 Rfe8 20. Bxd6 Qb5 21. Ba3 Rad8 22. Rad1 Rxd2 23. Rxd2 Bf8 24. Bxf8 Rxf8 25. b4 Nc6 26. Qd1 Qe5 27. Rd6 Rc8 28. Qd2 Qf4 29. g3 Qf3 30. Ng4 h5 31. Bd1 hxg4 32. Bxf3 gxf3 33. b5 Ne5 34. Rd8+ Rxd8 35. Qxd8+ Kg7 36.
Qc7 Nd3 37. Qxa7 Nc8 38. Qd4+ Kf8 39. Qh8+ 1-0

[Event "Early-Titled-Tuesday-Blitz-February-13-2024"]
[Site "Chess.com"]
[Date "2024.02.13"]
[Round "2"]
[White "Zohid6"]
[Black "valorant64"]
[Result "1/2-1/2"]
[WhiteElo "2845"]
[BlackElo "2599"]
[TimeControl "180+1"]
[EndTime "8:18:59 PST"]
[Termination "Game drawn by repetition"]

1. e4 e6 2. d4 d5 3. Nc3 Bb4 4. e5 Ne7 5. a3 Bxc3+ 6. bxc3 c5 7. Qg4 cxd4 8. cxd4 Qc7 9. Bd2 Qxc2 10. Qxg7 Rg8 11.
Qh6 Nbc6 12. Nf3 Qb2 13. Rd1 Nxd4 14. Nxd4 Qxd4 15. Bb5+ Bd7 16. Bxd7+ Kxd7 17. O-O Qxe5 18. Rfe1 Qg7 19. Qh3 Nc6 20. Bf4 d4 21. Qf3 Rad8 22.
Bg3 Kc8 23. Rc1 Rd5 24. Qf4 e5 25. Qf5+ Rd7 26. Rxe5 Qg6 27. Qf3 d3 28. Rec5 d2 29.
Rxc6+ bxc6 30. Rxc6+ Kd8 31. Bh4+ f6 32. Bxf6+ Ke8 33.
Qe3+ Kf8 34. Qc5+ Ke8 35. Qe5+ Kf8 36. Qc5+ Ke8 37. Qe3+ Kf8 38. Qc5+ 1/2-1/2